 Dungeon Crawl Stone Soup version 0.29.0-4-gdea44cf6ec (webtiles) character file.

Game seed: 11183977447501779912

164 qw the Chopper (level 5, 0/30 HPs)
             Began as a Tengu Warper on Aug 28, 2022.
             Succumbed to a gnoll's poison
             ... on level 3 of the Dungeon.
             The game lasted 00:00:13 (2193 turns).

qw the Chopper (Tengu Warper)                       Turns: 2193, Time: 00:00:14

Health: 0/30       AC:  7    Str: 14    XL:     5   Next: 45%
Magic:  9/9        EV: 11    Int: 13    God:
Gold:   95         SH:  0    Dex: 13    Spells: 8/8 levels left

rFire   . . .      SeeInvis .   Y - +0 hand axe
rCold   . . .      Faith    .   (no shield)
rNeg    . . .      Spirit   .   i - +0 scale mail
rPois   .          Reflect  .   (helmet restricted)
rElec   .          Harm     .   m - +0 cloak
rCorr   .          Rampage  .   (no gloves)
Will    .....                   (boots unavailable)
Stlth   ..........              (no amulet)
HPRegen 0.10/turn               (no ring)
MPRegen 0.11/turn               (no ring)

@: lethally poisoned (0 -> -9), flying quickly and evasively, quick
A: beak, talons 3, nimble flight
a: no special abilities


You were on level 3 of the Dungeon.
You visited 1 branch of the dungeon, and saw 3 of its levels.

You collected 95 gold pieces.


Innate Abilities, Weirdness & Mutations

You have a beak for a mouth.
You have claws for feet.
Your magical nature lets you fly swiftly and evasively.


   Skills:
 - Level 2.0 Fighting
 + Level 6.0 Axes
 - Level 1.0 Throwing
 - Level 1.1 Armour
 - Level 2.1 Dodging
 - Level 2.0 Spellcasting
 - Level 2.4 Translocations


You had 8 spell levels left.
You didn't know any spells.
Your spell library contained the following spells:

 Spells                   Type           Power      Damage    Failure   Level
 Blink                    Tloc           14%        N/A       54%         2
 Gell's Gravitas          Tloc           7%         N/A       77%         3
 Lesser Beckoning         Tloc           7%         N/A       77%         3
 Teleport Other           Tloc           7%         N/A       77%         3
 Manifold Assault         Tloc           7%         N/A       100%        5

Inventory:

Hand Weapons
 l - a +0 mace
 Y - a +0 hand axe (weapon)
Armour
 g - an orb of guile
 i - a +0 scale mail (worn)
 m - a +0 cloak (worn)
Scrolls
 c - a scroll of identify
Potions
 b - a potion of might {unknown}
 d - a potion of magic {unknown}
 e - a potion of invisibility {unknown}
 f - a potion of lignification {unknown}
 h - a potion of curing
 j - 2 potions of haste
 k - a potion of mutation {unknown}

Dungeon Overview and Level Annotations

Branches:
Dungeon (3/15)

Altars:


Message History

You hit the gnoll.
You feel very sick.
The gnoll bouda hits you with a +0 whip.
The gnoll barely misses you.
You hit the gnoll.
The gnoll is severely wounded.
You barely miss the gnoll bouda.
You feel very sick. The gnoll barely misses you.
The gnoll bouda barely misses you.
You barely miss the gnoll. Your kick misses the gnoll.
The gnoll is severely wounded.
You hit the gnoll bouda.
You feel sick.
The gnoll bouda calls upon its god to heal the gnoll.
The gnoll is healed somewhat.
A gnoll comes into view. It is wielding a +0 club.
The gnoll barely misses you.
You closely miss the gnoll. You claw the gnoll, but do no damage.
The gnoll is moderately wounded.
You closely miss the gnoll bouda.
You feel sick. The gnoll hits you but does no damage.
You are lethally poisoned!
You hit the gnoll. You claw the gnoll.
The gnoll is severely wounded.
You completely miss the gnoll bouda. You hit the gnoll.
You feel very sick.
The gnoll bouda barks out a call to the hunt!
The gnoll picks up the pace!
The gnoll barely misses you. x2
You hit the gnoll but do no damage. You peck the gnoll, but do no damage.
The gnoll is severely wounded.
You hit the gnoll but do no damage.
You hit the gnoll bouda but do no damage.
You feel very sick. The gnoll bouda misses you. The gnoll barely misses you.
The gnoll closely misses you.
You slash the gnoll!
You kill the gnoll!
You hit the gnoll. You hit the gnoll bouda.
You die...

#.. #.###.### .#...
#.#.....# ....##
#.#.....#
.....##.#.....#
#.#.#..........#
#>.......#.....#
####..........#
##.........#
#@g.......#..
#g)...........
....................
...g##.............
.g ...........#.
####.......##
......... ......>
.......


You could see a gnoll bouda and a gnoll (swift).

Vanquished Creatures
  A phantom (D:2)
  3 gnolls
  3 adders (D:2)
  A worm (D:3)
  3 dart slugs
  4 ball pythons
  An endoplasm (D:2)
  A giant cockroach (D:1)
  3 goblins
  2 hobgoblins (D:1)
  A quokka (D:1)
  4 bats (D:1)
  A frilled lizard (D:1)
  10 kobolds
  5 rats (D:1)
43 creatures vanquished.

Notes
Turn   | Place    | Note
-------+----------+-------------------------------------------
     0 | D:1      | qw the Tengu Warper began the quest for the Orb.
     0 | D:1      | Reached XP level 1. HP: 12/12 MP: 4/4
     0 | D:1      | 0 ||| qw: Version: 0.1-a-89-g26bdef1
     0 | D:1      | 0 ||| qw: Game counter: 1887
     0 | D:1      | 0 ||| qw: Always use a shield: true
     0 | D:1      | 0 ||| qw: God list: Okawaru
     0 | D:1      | 0 ||| qw: Allow faded altars: false
     0 | D:1      | 0 ||| qw: Do Orc after D:15 true
     0 | D:1      | 0 ||| qw: Do second Lair branch before Depths: true
     0 | D:1      | 0 ||| qw: Lair rune preference: random
     0 | D:1      | 0 ||| qw: Plans: Normal
     0 | D:1      | 0 ||| PLANNING D:1-11
     6 | D:1      | Noticed a polar bear
     6 | D:1      | Noticed a swamp worm
     7 | D:1      | Noticed a swamp drake
     7 | D:1      | Noticed a water moccasin
   294 | D:1      | Reached XP level 2. HP: 17/17 MP: 6/6
   304 | D:1      | Reached skill level 3 in Axes
   384 | D:1      | 384 ||| Stepping ~*~*~tactically~*~*~ (stealth).
   385 | D:1      | 385 ||| Stepping ~*~*~tactically~*~*~ (stealth).
   538 | D:1      | 538 ||| DROPPING +0 club.
   548 | D:1      | Reached XP level 3. HP: 21/21 MP: 7/7
   597 | D:1      | 597 ||| Stepping ~*~*~tactically~*~*~ (stealth).
   608 | D:1      | 608 ||| Stepping ~*~*~tactically~*~*~ (stealth).
   618 | D:1      | Reached skill level 4 in Axes
  1049 | D:1      | 1049 ||| UPGRADING to +0 scale mail.
  1059 | D:1      | 1059 ||| DROPPING +0 leather armour.
  1060 | D:1      | 1060 ||| UPGRADING to +0 cloak.
  1065 | D:1      | 1065 ||| READING scroll labelled ZENLEPT YCSI.
  1066 | D:1      | 1066 ||| READING scroll labelled VUCAJA ZISM.
  1067 | D:1      | 1067 ||| DRINKING 3 puce potions.
  1068 | D:1      | 1068 ||| DROPPING scroll of blinking.
  1461 | D:2      | Reached XP level 4. HP: 26/26 MP: 8/8
  1616 | D:2      | Found a faded altar of an unknown god.
  1660 | D:2      | Noticed a phantom
  1673 | D:2      | Killed a phantom
  1674 | D:2      | Reached skill level 5 in Axes
  1674 | D:2      | Gained mutation: Your magical nature lets you fly swiftly
                  | and evasively. [Tengu growth]
  1674 | D:2      | Reached XP level 5. HP: 17/30 MP: 9/9
  1830 | D:2      | 1830 ||| Stepping ~*~*~tactically~*~*~ (hiding).
  1834 | D:2      | 1834 ||| Stepping ~*~*~tactically~*~*~ (hiding).
  1894 | D:2      | 1894 ||| DRINKING 2 viscous orange potions.
  1895 | D:2      | 1895 ||| DRINKING 2 fizzy puce potions.
  1896 | D:2      | 1896 ||| READING 2 scrolls of identify.
  1896 | D:2      | 1896 ||| IDENTIFYING blue potion
  1897 | D:2      | 1897 ||| DROPPING potion of ambrosia.
  1916 | D:3      | 1916 ||| STAIRDANCE
  1984 | D:3      | 1984 ||| Stepping ~*~*~tactically~*~*~ (hiding).
  2173 | D:3      | 2173 ||| Stepping ~*~*~tactically~*~*~ (stealth).
  2176 | D:3      | 2176 ||| Stepping ~*~*~tactically~*~*~ (hiding).
  2182 | D:3      | Reached skill level 6 in Axes
  2185 | D:3      | HP: 4/30 [poisoned by a gnoll]
  2186 | D:3      | 2186 ||| DRINKING potion of heal wounds.
  2191 | D:3      | HP: 5/30 [poisoned by a gnoll]
  2192 | D:3      | HP: 2/30 [poisoned by a gnoll]
  2193 | D:3      | Succumbed to a gnoll's poison

Levels and vault maps discovered:
D:1:      onia_arrival_zoo_common, layout_loops_ring
D:2:      layout_rooms, hellmonk_ecumenical_altar_arch_garden,
          guppyfry_early_lair_pool
D:3:      layout_rooms

Skill      XL: |  1  2  3  4  5 |
---------------+----------------+-----
Axes           | 3 4 5 6 |  6.0
Fighting       | |  2.0
Throwing       | |  1.0
Armour         | |  1.1
Dodging        | |  2.1
Spellcasting   | |  2.0
Translocations | |  2.4

Action                   |  1- 3 |  4- 6 || total
-------------------------+-------+-------++-------
Melee: Hand axe          |    72 |    46 ||   118
       Kick              |    15 |    16 ||    31
       Peck              |     6 |     7 ||    13
Throw: Boomerang         |     7 |       ||     7
  Use: Scroll            |     2 |     1 ||     3
       Potion            |     1 |     3 ||     4
Armor: Leather armour    |    12 |       ||    12
       Scale mail        |     7 |    12 ||    19
Dodge: Dodged            |    41 |    27 ||    68

Table legend:
 A = Non-vault XP
 B = Vault XP
 C = Vault XP percentage of total XP
 D = Non-vault monster count
 E = Vault monster count
 F = Vault count percentage of total count
                 A         B        C        D         E       F
            +---------+---------+-------+---------+---------+-------
      Total |     249 |       0 |   0.0 |      43 |       0 |   0.0
            +---------+---------+-------+---------+---------+-------
        D:1 |      53 |       0 |   0.0 |      26 |       0 |   0.0
        D:2 |     156 |       0 |   0.0 |      12 |       0 |   0.0
        D:3 |      40 |       0 |   0.0 |       5 |       0 |   0.0
            +---------+---------+-------+---------+---------+-------
